Map: Opérations galactiques EC

Players

Nekoyuki - Winner!

  • Race: Zerg Zerg
  • League: Diamond

Worming

  • Race: Zerg Zerg
  • League: Diamond

VOD

Have the link to the VOD?

Description

Time

  • Played on: July 23, 2016, 8:23 a.m.
  • Length: 3:34
Show
View Real Time Build Order
Export as new Build Order

Nekoyuki Zerg - Winner!

Build Orders: Pool First 

Get SALT Encoding   

  12  0:05  Drone  
  13  0:12  Overlord  
  13  0:17  Drone  
  14  0:31  Drone x2  
  16  0:43  Spawning Pool  
  16  0:45  Extractor  
  16  0:46  Drone  
  15  0:51  Drone  
  16  1:02  Overlord  
  16  1:29  Queen  
  16  1:30  Zergling x4  
  16  1:32  Zergling x2  
  21  1:43  Zergling x2  
  22  1:48  Metabolic Boost  
  22  1:56  Zergling x2  
  23  2:08  Zergling x2  
  24  2:10  Hatchery  
  23  2:17  Zergling x2  
  24  2:24  Baneling Nest  
  24  2:25  Zergling x2  
  24  2:36  Zergling x2  
  25  2:42  Zergling x2  
  25  2:43  Zergling x4  
  28  3:02  Drone  
  28  3:04  Drone  
  30  3:17  Baneling x4  
  30  3:18  Baneling x2  
Show
View Real Time Build Order
Export as new Build Order

Worming Zerg 

Build Orders: Hatch First 

Get SALT Encoding   

  12  0:01  Drone  
  13  0:12  Overlord  
  13  0:22  Drone  
  14  0:31  Drone x2  
  17  0:35  Drone  
  17  0:55  Drone, Hatchery  
  17  1:03  Drone  
  18  1:04  Extractor  
  17  1:16  Spawning Pool  
  17  1:17  Drone  
  17  1:21  Drone  
  18  1:30  Drone  
  19  1:46  Drone  
  20  2:01  Overlord  
  20  2:02  Queen  
  22  2:08  Queen  
  22  2:09  Zergling x4  
  26  2:18  Drone  
  26  2:19  Drone  
  28  2:29  Drone  
  29  2:30  Baneling Nest  
  29  2:36  Zergling x4  
  28  2:43  Zergling x2  
  29  2:49  Zergling x2  
  30  2:55  Spine Crawler  
  30  2:58  Zergling x4  
  27  3:06  Zergling x4  
  26  3:14  Zergling x6  
Tags
 
Add a new tag
Caveats
  • Supply blocks, unpowered buildings, or Contaminate may cause inaccurate times.
  • Supply counts are checked every 10 seconds.